 Dungeon Crawl Stone Soup version 0.28.0-53-g5a82cb258f (webtiles) character file.

Game seed: 9313426843989812525

64 firemarshallily the Slasher (level 3, -1/29 HPs)
             Began as a Demonspawn Gladiator on June 10, 2022.
             Slain by a gnoll
             ... wielding a +0 spear
              (3 damage)
             ... on level 2 of the Dungeon.
             The game lasted 00:05:38 (1598 turns).

firemarshallily the Slasher (Demonspawn Gladiator)  Turns: 1598, Time: 00:05:39

Health: -1/29      AC:  4    Str: 16    XL:     3   Next: 91%
Magic:  3/3        EV: 12    Int:  9    God:
Gold:   57         SH:  0    Dex: 14    Spells: 2/2 levels left

rFire   . . .      SeeInvis .   a - +0 long sword
rCold   . . .      Faith    .   (no shield)
rNeg    . . .      Spirit   .   b - +0 leather armour
rPois   .          Reflect  .   c - +0 helmet
rElec   .          Harm     .   (no cloak)
rCorr   .          Rampage  .   (no gloves)
Will    .....                   (no boots)
Stlth   +.........              (no amulet)
HPRegen 0.09/turn               g - +4 ring of slaying
MPRegen 0.08/turn               (no ring)

@: hasted, very quick
A: claws 1, ignite blood 1
a: no special abilities


You were on level 2 of the Dungeon.
You visited 1 branch of the dungeon, and saw 2 of its levels.

You collected 57 gold pieces.

Inventory:

Hand Weapons
 a - a +0 long sword (weapon)
Missiles
 d - 3 throwing nets (quivered)
 e - 54 stones
 j - 2 boomerangs
Armour
 b - a +0 leather armour (worn)
 c - a +0 helmet (worn)
Jewellery
 g - a +4 ring of slaying (left claw)
Potions
 f - 2 potions of curing {unknown}
 i - 3 potions of haste
 k - a potion of lignification {unknown}


   Skills:
 * Level 3.1 Fighting
 * Level 3.4 Long Blades
 - Level 2.0 Throwing
 - Level 3.0 Dodging


You had 2 spell levels left.
You didn't know any spells.
Your spell library was empty.

Dungeon Overview and Level Annotations

Branches:
Dungeon (2/15)

Altars:
Ru


Innate Abilities, Weirdness & Mutations

You have sharp fingernails.
Your demonic aura sometimes causes spilled blood to erupt in flames.


Message History

Are you sure?
You have lost your religion!
There is an empty arch of ancient stone here.
There is a stone staircase leading down here.
You climb downwards.
The gnoll shouts! x2; You hear a shout!
A dart slug comes into view.
The gnoll shouts!
There is a stone staircase leading up here.
You slash the gnoll!
The gnoll is severely wounded.
A gnoll comes into view. It is wielding a +0 whip.
The gnoll hits you with a +0 flail. The gnoll misses you.
You barely miss the gnoll.
The gnoll is severely wounded.
The gnoll closely misses you. The gnoll hits you with a +0 flail.
The dart slug barely misses you.
You slash the dart slug!
The dart slug is almost dead.
The dart slug bites you but does no damage.
You slash the dart slug!
You kill the dart slug!
A rat comes into view.
The gnoll closely misses you.
You barely miss the gnoll. The gnoll hits you but does no damage.
The gnoll closely misses you.
You hit the gnoll.
The gnoll is lightly wounded.
The gnoll hits you from afar with a +0 spear.
The gnoll hits you but does no damage. The gnoll barely misses you.
The gnoll hits you from afar with a +0 spear!
You barely miss the gnoll.
The gnoll is heavily wounded.
The gnoll closely misses you.
The gnoll hits you from afar with a +0 spear.
The gnoll closely misses you. The gnoll hits you with a +0 flail!
* * * LOW HITPOINT WARNING * * *
It was a potion of haste.
You feel yourself speed up. The gnoll misses you.
The gnoll hits you from afar with a +0 spear.
You die...

#.. #.# ..
..# ....# .#
#.#.##.# #
#.#.##.###.#
##..........
#
#...gg.......
#@#..##.###
#g#........
#g...##.#
#...<...#
#.#.........
..........###
#.#######...#
#. ...# . ..#


You could see 4 gnolls.

Vanquished Creatures
  An adder (D:2)
  3 dart slugs
  5 endoplasms
  3 giant cockroaches
  2 goblins
  5 hobgoblins (D:1)
  2 jackals (D:1)
  7 kobolds
  3 quokkas (D:1)
  2 ball pythons (D:1)
  4 bats (D:1)
  6 frilled lizards (D:1)
  4 rats
47 creatures vanquished.

Notes
Turn   | Place    | Note
-------+----------+-------------------------------------------
     0 | D:1      | firemarshallily the Demonspawn Gladiator began the quest
                  | for the Orb.
     0 | D:1      | Reached XP level 1. HP: 16/16 MP: 1/1
   246 | D:1      | Gained mutation: Your demonic aura sometimes causes spilled
                  | blood to erupt in flames. [demonic ancestry]
   246 | D:1      | Reached XP level 2. HP: 18/22 MP: 2/2
   789 | D:1      | Gained mutation: You have sharp fingernails. [demonic
                  | ancestry]
   789 | D:1      | Reached XP level 3. HP: 23/28 MP: 3/3
   847 | D:1      | You fall into a shaft and drop 1 floor!
  1386 | D:1      | Found a faded altar of an unknown god.
  1555 | D:1      | Prayed at the altar of an unknown god.
  1555 | D:1      | Became a worshipper of Ru the Awakened
  1556 | D:1      | Fell from the grace of Ru
  1598 | D:2      | Slain by a gnoll

Illustrated notes

Levels and vault maps discovered:
D:1:      ncdulo_watergridlock, layout_basic,
          hellmonk_ecumenical_altar_arch_garden, st_stairs_5,
          minmay_heptomino_w4
D:2:      layout_loops_cross, basic_altar, minmay_strange_pillars,
          kennysheep_decorative_pillar, amcnicky_mini_pool_small,
          minmay_misc_feat_columns

Skill      XL: |  1  2  3 |
---------------+----------+-----
Long Blades    | 3 |  3.4
Throwing       | 2 |  2.0
Dodging        | 3 |  3.0
Fighting       | 3 |  3.1

Action                   || total
-------------------------++-------
Melee: Long sword        ||   136
       Punch             ||     2
Invok: Renounce Religion ||     1
  Use: Scroll            ||     2
       Potion            ||     1
 Stab: Sleeping          ||     1
Armor: Leather armour    ||    46
Dodge: Dodged            ||   114
